 Dungeon Crawl Stone Soup version 0.29.1-1-gd02db6906a (webtiles) character file.

Game seed: 7181026953607671518

17 Romesagentofchaos the Sneak (level 2, -9/14 HPs)
             Began as a Spriggan Brigand on Oct 22, 2022.
             Mangled by a goblin
             ... wielding a +1 dagger of electrocution
             ... led by Robin
              (20 damage)
             ... on level 2 of the Dungeon.
             The game lasted 00:03:39 (996 turns).

Romesagentofchaos the Sneak (Spriggan Brigand)       Turns: 996, Time: 00:03:39

Health: -9/14      AC:  3    Str:  7    XL:     2   Next: 44%
Magic:  12/12      EV: 16    Int: 12    God:
Gold:   41         SH:  0    Dex: 16    Spells: 1/1 levels left

rFire   . . .      SeeInvis +   a - +2 dagger
rCold   . . .      Faith    .   (no shield)
rNeg    . . .      Spirit   .   b - +0 robe
rPois   +          Reflect  .   (helmet restricted)
rElec   .          Harm     .   c - +0 cloak
rCorr   .          Rampage  .   (gloves unavailable)
Will    .....                   (boots unavailable)
Stlth   +++.......              h - amulet of the acrobat
HPRegen 0.04/turn               i - ring of magical power
MPRegen 0.13/turn               l - ring of poison resistance

@: about to teleport, very quick
A: very small, no large weapons, unfitting armour, see invisible, speed 3
a: no special abilities


You were on level 2 of the Dungeon.
You visited 1 branch of the dungeon, and saw 2 of its levels.

You collected 41 gold pieces.

Inventory:

Hand Weapons
 a - a +2 dagger (weapon)
Missiles
 d - 9 poisoned darts (quivered)
 e - 9 curare-tipped darts
 j - a throwing net
Armour
 b - a +0 robe (worn)
 c - a +0 cloak (worn)
Jewellery
 h - an amulet of the acrobat (around neck)
 i - a ring of magical power (left hand)
 l - a ring of poison resistance (right hand)
Scrolls
 f - a scroll of fear
 o - a scroll of immolation {unknown}
Potions
 g - a potion of heal wounds
 k - a potion of curing
 n - a potion of haste


   Skills:
 + Level 1.6 Fighting
 + Level 2.3 Short Blades
 + Level 2.0 Throwing
 + Level 1.3 Dodging
 + Level 6.8 Stealth


You had one spell level left.
You didn't know any spells.
Your spell library was empty.

Dungeon Overview and Level Annotations

Branches:
Dungeon (2/15)

Altars:

Annotations:
D:2 Robin


Innate Abilities, Weirdness & Mutations

You are very small and have problems with some larger weapons.
You are too small for most types of armour.
You have supernaturally acute eyesight. (SInv)
You cover ground extremely quickly. (Speed+++)


Message History

Done exploring.
There is a stone staircase leading down here.
You climb downwards.
There is a stone staircase leading up here.
You now have 37 gold pieces (gained 13).
A worm comes into view.
Found a scroll labelled BIYMUZASOFEU.
Found a steaming short sword and 4 gold pieces.
The helpless worm fails to defend itself.
You impale the worm!!
You kill the worm!
m - a scroll labelled BIYMUZASOFEU
Found a scroll labelled QEPODW NAFU.
You now have 41 gold pieces (gained 4).
o - a scroll labelled QEPODW NAFU A goblin comes into view.
It is wielding a +0 club.
Found a falchion. 2 goblins and a hobgoblin come into view.
A goblin is wielding a +1 dagger of electrocution.
Found a dagger.
Robin and 3 goblins come into view.
Robin is wielding a +0 club and carrying a wand of flame (20).
A goblin is wielding a +2 dagger of venom.
The goblin shouts!
The hobgoblin shouts!
The goblin shouts! x2
You hear a shout!
The goblin shouts!
You hear a shout!
A goblin comes into view. It is wielding a +0 dagger.
Robin moves out of view.
The goblin shouts!
As you read the scroll labelled BIYMUZASOFEU, it crumbles to dust.
You feel strangely unstable.
It was a scroll of teleportation.
You hear a shout!
A goblin comes into view. It is wielding a +0 dagger of speed.
You closely miss the goblin.
Robin shouts!
The goblin shouts!
The hobgoblin hits you but does no damage.
The goblin misses you.
You closely miss the goblin.
The goblin hits you with a +1 dagger of electrocution.
You are electrocuted!!
Ouch! That really hurt!
You die...

#####........... #
#.<.#######.#.... #
#...# ####.#.#.#
#####.#.####.....)..###
............ .........#
.####.#.##.###..#....#
.####+#+##.#.........#
...........###..#....##.
................@ggg.gg.
....†......###..#ggg.#.#
...........# #..#gg.....
...........# #..#....#.#
...........# ..........#
...........##...#.#.##.#
...........#........# #
#####.####.##.....#.#
#.# #.#


You could see Robin, a hobgoblin and 8 goblins.

Vanquished Creatures
  A worm (D:2)
  A dart slug (D:1)
  A bat (D:1)
  An endoplasm (D:1)
  A giant cockroach (D:1)
  A hobgoblin (D:1)
  A quokka (D:1)
  A ball python (D:1)
  A frilled lizard (D:1)
  2 kobolds (D:1)
  2 rats (D:1)
13 creatures vanquished.

Notes
Turn   | Place    | Note
-------+----------+-------------------------------------------
     0 | D:1      | Romesagentofchaos the Spriggan Brigand began the quest for
                  | the Orb.
     0 | D:1      | Reached XP level 1. HP: 10/10 MP: 2/2
   265 | D:1      | Reached skill level 6 in Stealth
   402 | D:1      | Found a faded altar of an unknown god.
   488 | D:1      | Reached XP level 2. HP: 14/14 MP: 3/3
   992 | D:2      | Noticed Robin
   996 | D:2      | Mangled by a goblin

Illustrated notes

Levels and vault maps discovered:
D:1:      nicolae_arrival_memento_mori, layout_loops_cross,
          shapermc_ecumenical_altar_pompeii
D:2:      minmay_chambers_of_twos, layout_basic, uniq_robin, uniq_sigmund

Skill      XL: |  1 |
---------------+----+-----
Stealth        | 6 |  6.8
Fighting       | |  1.6
Short Blades   | |  2.3
Throwing       | |  2.0
Dodging        | |  1.3

Action                   || total
-------------------------++-------
Melee: Dagger            ||    27
  Use: Scroll            ||     5
 Stab: Sleeping          ||     8
Armor: Robe              ||     1
Dodge: Dodged            ||    12
